 Dungeon Crawl Stone Soup version 0.30-a0-847-g17996783a1 (webtiles) character file.

Game seed: 5196021366512373874

15248 Newt the Markskobold (level 12, -2/64 HPs)
             Began as a Kobold Hunter on Mar 3, 2023.
             Was an Elder of Hepliaklqana.
             Killed by divine providence
             ... invoked by Saint Roka
              (12 damage)
             ... on level 1 of the Orcish Mines.
             The game lasted 00:12:38 (11101 turns).

Newt the Markskobold (Kobold Hunter)               Turns: 11101, Time: 00:12:38

Health: -2/64      AC: 13    Str:  8    XL:     12   Next: 55%
Magic:  16/16      EV: 16    Int: 12    God:    Hepliaklqana [****..]
Gold:   724        SH:  0    Dex: 22    Spells: 11/11 levels left

rFire   . . .      SeeInvis .    s - +4 hand crossbow (freeze)
rCold   . . .      Faith    .    (no shield)
rNeg    . . .      Spirit   .    T - +0 scale mail of Compassion {Will++}
rPois   .          Reflect  .    (no helmet)
rElec   .          Rampage  .    (no cloak)
rCorr   .                        m - +1 pair of gloves
Will    +++..                    (no boots)
Stlth   ++                       M - amulet of the acrobat
HPRegen 0.30/turn                P - ring of willpower
MPRegen 0.15/turn                n - +4 ring of protection

@: invisible
A: reduced essence, small, no large weapons, nightstalker 3
a: Renounce Religion, Recall Ancestor, Ancestor Identity, Transference, Idealise


You were on level 1 of the Orcish Mines.
You worshipped Hepliaklqana.
Hepliaklqana was greatly pleased with you.
You visited 3 branches of the dungeon, and saw 12 of its levels.

You collected 869 gold pieces.
You spent 145 gold pieces at shops.

Inventory:

Hand Weapons
 a - a +0 shortbow
 s - a +4 hand crossbow of freezing (weapon)
Missiles
 j - 5 throwing nets
Armour
 c - a +0 leather armour
 m - a +1 pair of gloves (worn)
 u - a +1 scale mail of fire resistance
 O - +0 acid dragon scales
 S - +0 swamp dragon scales
 T - the +0 scale mail of Compassion (worn) {Will++}
   (You found it on level 9 of the Dungeon)

   Will:      It greatly increases your willpower.
Jewellery
 f - a ring of protection from fire
 n - a +4 ring of protection (right hand)
 o - a ring of positive energy
 t - a ring of poison resistance
 L - a ring of flight
 M - an amulet of the acrobat (around neck)
 P - a ring of willpower (left hand)
 R - an amulet of guardian spirit
Wands
 i - a wand of flame (37)
 w - a wand of roots (19)
 H - a wand of paralysis (9)
 N - a wand of acid (3)
Scrolls
 b - 2 scrolls of immolation
 d - 3 scrolls of blinking
 e - a scroll of identify
 p - 3 scrolls of amnesia
 x - 2 scrolls of fog
 y - 3 scrolls of poison
 A - a scroll of noise {unknown}
 C - a scroll of butterflies {unknown}
 F - a scroll of teleportation {unknown}
 G - a scroll of torment
 I - a scroll of enchant armour
Potions
 g - a potion of lignification
 h - 3 potions of brilliance
 k - 2 potions of might
 l - 2 potions of flight
 q - 2 potions of attraction
 r - 7 potions of curing
 v - a potion of degeneration
 z - 2 potions of cancellation
 B - a potion of haste {unknown}
 E - 2 potions of ambrosia {unknown}
 J - a potion of resistance {unknown}
 K - 2 potions of mutation {unknown}
Miscellaneous
 Q - a phial of floods


   Skills:
 - Level 7.0 Fighting
 - Level 16.0 Ranged Weapons
 - Level 4.0 Armour
 + Level 11.2 Dodging
 - Level 1.3 Stealth
 - Level 6.0 Invocations
 - Level 10.0 Evocations


You had 11 spell levels left.
You didn't know any spells.
Your spell library contained the following spells:

 Spells                   Type           Power      Damage    Failure   Level
 Summon Small Mammal      Summ           0%         N/A       95%         1
 Scorch                   Fire           0%         2d5       99%         2
 Call Canine Familiar     Summ           0%         N/A       100%        3
 Ignite Poison            Fire/Tmut/Pois 0%         N/A       100%        3
 Kindle Blastsparks       Fire/Tloc/Air  0%         2d10      100%        3
 Summon Guardian Golem    Hex/Summ       0%         N/A       100%        3
 Flame Wave               Conj/Fire      0%         2d4       100%        4
 Freezing Cloud           Conj/Ice/Air   0%         6-21      100%        5
 Summon Forest            Summ/Tloc      0%         N/A       100%        5
 Eringya's Noxious Bog    Tmut/Pois      0%         N/A       100%        6
 Summon Cactus Giant      Summ           0%         N/A       100%        6
 Summon Hydra             Summ           0%         N/A       100%        7


Dungeon Overview and Level Annotations

Branches:
Dungeon (9/15)             Temple (1/1) D:5             Orc (2/2) D:9
    Elf (0/3) Orc:2
   Lair: D:8-11

Altars:
Ashenzari
Cheibriados
Dithmenos
Elyvilon
Fedhas
Gozag
Hepliaklqana
Kikubaaqudgha
Makhleb
Nemelex Xobeh
Okawaru
Qazlal
Ru
Sif Muna
Trog
Uskayaw
Vehumet
Wu Jian
Xom
Yredelemnul
Zin
The Shining One

Shops:
D:8 ?   Orc:2 *

Annotations:
D:3 1 runed translucent door, Crazy Yiuf
Orc:1 Saint Roka


Innate Abilities, Weirdness & Mutations

Your life essence is reduced to manifest your ancestor. (-10% HP)
You are small and have problems with some larger weapons.
You are completely attuned to the shadows.


Message History

Press: ? - help, Q - select action, (/) - cycle Shift-Dir - straight line, f/p - Saint Roka
Aim: Saint Roka, wielding a +1 dire flail of holy wrath and wearing a +3 plate armour of fire resistance (severely wounded, unable to see you, constricted by roots, 95% to hit)
You shoot a bolt. The bolt hits Saint Roka!
The bolt freezes Saint Roka.
Saint Roka is severely wounded.
The grasping roots constrict Saint Roka.
Saint Roka drinks a potion.
Saint Roka is healed!
Fire: s) +4 hand crossbow (freeze)
Press: ? - help, Q - select action, (/) - cycle Shift-Dir - straight line, f/p - Saint Roka
Aim: Saint Roka, wielding a +1 dire flail of holy wrath and wearing a +3 plate armour of fire resistance (severely wounded, unable to see you, constricted by roots, 95% to hit)
You shoot a bolt. The bolt hits Saint Roka!!
The bolt freezes Saint Roka.
Saint Roka is severely wounded.
The grasping roots constrict Saint Roka!
The roots release their grip on Saint Roka.
Fire: s) +4 hand crossbow (freeze)
Press: ? - help, Q - select action, (/) - cycle Shift-Dir - straight line, f/p - Saint Roka
Aim: Saint Roka, wielding a +1 dire flail of holy wrath and wearing a +3 plate armour of fire resistance (severely wounded, unable to see you, 82% to hit)
You shoot a bolt. The bolt hits Saint Roka!
The bolt freezes Saint Roka.
Saint Roka is almost dead.
Saint Roka says, "In the orcish mines, orcs kill the likes of YOU!"
Saint Roka invokes the aid of Beogh against you.
Beogh smites you!
* * * LOW HITPOINT WARNING * * *
You hear a shout!
Okay, then.
You hear a shout!
Something closely misses you. The orc wizard barely misses you.
Saint Roka roars a battlecry!
The orcs go into a battle-frenzy!
You climb upwards.
Reactivating autopickup.
There is a stone staircase leading down here.
Aiming: Corrosive Bolt
Press: ? - help, Shift-Dir - straight line, f - Saint Roka
Aim: Saint Roka, wielding a +1 dire flail of holy wrath and wearing a +3 plate armour of fire resistance (almost dead, unable to see you, 85% to hit)
The bolt of acid hits Saint Roka!
The acid corrodes Saint Roka!
Saint Roka is almost dead.
You hear a shout! x2
Saint Roka invokes the aid of Beogh against you.
Beogh smites you!
You die...

... .. .
...#.. ..
#.#...
...#.....
...o@o...
.........
.........
.#.......
........


You could see Saint Roka (unable to see you, corroded) and an orc wizard
(strong, unable to see you).

Vanquished Creatures
  A centaur warrior (D:9)
  An orc high priest (Orc:2)
  Pikel (D:6)
  2 ugly things (D:9)
  An orc knight (Orc:2)
  An orc sorcerer (Orc:2)
  2 cyclopes (D:9)
  A manticore (D:9)
  Maggie (D:9)
  2 trolls (D:9)
  3 hornets (D:9)
  A spriggan (shapeshifter) (D:9)
  10 yaks
  A basilisk (D:9)
  A vampire mosquito (D:9)
  2 steam dragons (D:7)
  3 wargs
  3 acid dragons (D:9)
  2 water moccasins
  17 orc warriors
  A sky beast (D:7)
  2 ice beasts
  An ogre (D:5)
  4 centaurs
  A lemure (D:6)
  A phantom (D:7)
  4 kobold brigands
  5 bullfrogs
  4 scorpions
  10 killer bees
  4 howler monkeys
  2 hounds
  A gnoll bouda (D:3)
  7 orc priests
  3 sleepcaps
  2 iguanas (D:5)
  15 orc wizards
  A mummy (D:4)
  14 gnolls
  4 adders
  A white imp (D:4)
  2 worms
  2 dart slugs
  27 orcs
  6 bats
  8 endoplasms
  6 goblins
  6 hobgoblins
  7 jackals (D:2)
  3 quokkas
  9 ball pythons
  2 frilled lizards (D:1)
  2 hobgoblin zombies (D:4)
  30 kobolds
  2 orc zombies (D:4)
  4 rats
259 creatures vanquished.

Vanquished Creatures (collateral kills)
  A freezing wraith (D:9)
  A shadow (D:9)
  A yak (D:9)
  A warg (Orc:2)
  3 orc warriors
  3 ogres
  A bullfrog (D:8)
  2 killer bees (D:8)
  2 howler monkeys (D:9)
  A gnoll bouda (D:8)
  2 orc priests (Orc:2)
  3 orc wizards (Orc:2)
  8 orcs
  3 kobolds
32 creatures vanquished.

Vanquished Creatures (others)
  The ghost of loam the Chiller, a novice DsIE of Jiyva (D:5)
  4 knights
  3 ancestors
  A kobold (D:5)
9 creatures vanquished.

Grand Total: 300 creatures vanquished

Notes
Turn   | Place    | Note
-------+----------+-------------------------------------------
     0 | D:1      | Newt the Kobold Hunter began the quest for the Orb.
     0 | D:1      | Reached XP level 1. HP: 12/12 MP: 1/1
   576 | D:1      | Reached XP level 2. HP: 14/18 MP: 2/2
   736 | D:1      | Reached XP level 3. HP: 19/23 MP: 3/3
  1326 | D:2      | Identified the +4 mace of Acwifeha {drain, MP+9}
  1478 | D:2      | Reached XP level 4. HP: 30/30 MP: 4/4
  1577 | D:2      | Reached skill level 5 in Fighting
  1850 | D:2      | Reached XP level 5. HP: 35/35 MP: 5/5
  2046 | D:2      | Reached skill level 6 in Ranged Weapons
  2216 | D:3      | Reached skill level 7 in Ranged Weapons
  2391 | D:3      | Reached XP level 6. HP: 40/40 MP: 6/6
  2934 | D:3      | Found a runed translucent door.
  2937 | D:3      | Noticed Crazy Yiuf
  3080 | D:4      | Identified a scroll of acquirement
  3080 | D:4      | Acquired a +2 hand crossbow of freezing
  3332 | D:4      | Reached skill level 8 in Ranged Weapons
  3395 | D:4      | Reached XP level 7. HP: 23/44 MP: 7/7
  3696 | D:4      | Reached skill level 9 in Ranged Weapons
  3888 | D:4      | Found a shadowy altar of Dithmenos.
  3899 | D:4      | Found a basalt altar of Yredelemnul.
  3972 | D:5      | Entered Level 5 of the Dungeon
  4080 | D:5      | Reached skill level 10 in Ranged Weapons
  4125 | D:5      | Reached XP level 8. HP: 39/49 MP: 8/8
  4130 | D:5      | Reached skill level 5 in Dodging
  4176 | D:5      | Reached skill level 1 in Armour
  4255 | D:5      | Found a staircase to the Ecumenical Temple.
  4388 | Temple   | Entered the Ecumenical Temple
  4680 | Temple   | Became a worshipper of Hepliaklqana the Forgotten
  4913 | D:5      | Found a runed translucent gate.
  4914 | D:5      | Found a runed translucent gate.
  4914 | D:5      | Noticed loam's ghost (novice DsIE)
  4916 | D:5      | Found a runed translucent gate.
  4939 | D:5      | Killed loam's ghost
  5130 | D:6      | Reached XP level 9. HP: 54/54 MP: 9/9
  5151 | D:6      | Found a shimmering blue altar of Sif Muna.
  5435 | D:6      | Noticed Pikel
  5437 | D:6      | Killed Pikel
  5438 | D:6      | Reached skill level 5 in Evocations
  5587 | D:6      | Reached * piety under Hepliaklqana
  5959 | D:7      | Found an iron altar of Okawaru.
  5962 | D:7      | Found a bloodstained altar of Trog.
  5963 | D:7      | Found an ancient bone altar of Kikubaaqudgha.
  5965 | D:7      | Found a white marble altar of Elyvilon.
  5975 | D:7      | Found a radiant altar of Vehumet.
  5976 | D:7      | Found a burning altar of Makhleb.
  5978 | D:7      | Found a stormy altar of Qazlal.
  5979 | D:7      | Found a snail-covered altar of Cheibriados.
  6007 | D:7      | Reached skill level 1 in Invocations
  6371 | D:7      | Reached XP level 10. HP: 56/56 MP: 13/13
  6591 | D:8      | Reached skill level 5 in Invocations
  6629 | D:8      | Reached skill level 11 in Ranged Weapons
  6757 | D:8      | Found The Oracle's Delphic Readings.
  6761 | D:8      | Bought a scroll of enchant weapon for 97 gold pieces
  6779 | D:8      | Reached skill level 12 in Ranged Weapons
  7023 | D:8      | Reached ** piety under Hepliaklqana
  7025 | D:8      | Remembered your ancestor Cuahtemoc as a knight
  7294 | D:8      | Reached skill level 13 in Ranged Weapons
  7592 | D:8      | Found a sacrificial altar of Ru.
  7938 | D:9      | Reached skill level 14 in Ranged Weapons
  7938 | D:9      | Reached XP level 11. HP: 60/60 MP: 15/15
  8107 | D:9      | Found a staircase to the Orcish Mines.
  8170 | D:9      | Noticed Maggie
  8172 | D:9      | Killed Maggie
  8173 | D:9      | Reached skill level 15 in Ranged Weapons
  8175 | D:9      | Reached *** piety under Hepliaklqana
  8372 | D:9      | Identified the +0 scale mail of Compassion {Will++}
  8840 | D:9      | Reached skill level 16 in Ranged Weapons
  9228 | D:9      | Noticed a white ugly thing
  9230 | D:9      | Noticed a white ugly thing
  9230 | D:9      | Noticed a manticore
  9238 | D:9      | Killed a white ugly thing
  9438 | D:9      | Noticed a cyclops
  9443 | D:9      | Noticed a cyclops
  9465 | D:9      | Killed a manticore
  9549 | D:9      | Killed a cyclops
  9557 | D:9      | Noticed a centaur warrior
  9561 | D:9      | Killed a centaur warrior
  9562 | D:9      | Reached skill level 10 in Dodging
  9664 | D:9      | Killed a cyan ugly thing
  9665 | D:9      | Reached XP level 12. HP: 58/64 MP: 16/16
 10005 | Orc:1    | Entered Level 1 of the Orcish Mines
 10178 | Orc:2    | Entered Level 2 of the Orcish Mines
 10301 | Orc:2    | Found a staircase to the Elven Halls.
 10583 | Orc:1    | Reached **** piety under Hepliaklqana
 10735 | Orc:2    | Reached skill level 10 in Evocations
 10762 | Orc:2    | Noticed an orc high priest
 10764 | Orc:2    | Killed an orc high priest
 10836 | Orc:2    | Found Ockixotoci's Assorted Antiques.
 10847 | Orc:2    | Bought a scroll of identify for 48 gold pieces
 11061 | Orc:2    | Noticed Saint Roka
 11101 | Orc:1    | Killed from afar by Saint Roka

Illustrated notes

Levels and vault maps discovered:
D:1:      nzn_arrival_settlement, layout_basic, minmay_quantized
D:2:      layout_rooms
D:3:      layout_rooms, interstate_on_off, uniq_crazy_yiuf_cottage
D:4:      layout_cave_pools, amethyst_overflow_temple_binary,
          minmay_mini_ossuary
D:5:      layout_cave_pools, minmay_temple_entry_slanted,
          gammafunk_ghost_nasty_kobolds
D:6:      layout_loops_ring, kennysheep_orc_sif_temple, uniq_pikel
D:7:      layout_basic, nicolae_overflow_hallway_of_the_gods
D:8:      layout_loops_ring, nicolae_ru_path_of_blood, chequers_mini_garden,
          nicolae_nh_oracle_at_delphi
D:9:      minmay_the_grid_octo_tiled_octocenter
          [minmay_the_grid_octo_fan_narrow,
          minmay_the_grid_octo_tetromino_candy,
          minmay_the_grid_octo_checkerflower, minmay_the_grid_octo_toaster,
          minmay_the_grid_octo_prize_square_snowflake,
          minmay_the_grid_square_5x5_lines, minmay_the_grid_square_5x5_minimal,
          minmay_the_grid_square_5x5_one_wall,
          minmay_the_grid_square_5x5_checkered_sparse], layout_long_grid,
          uniq_maggie
Temple:   jpeg_temple_alley_garden
Orc:1:    layout_caves, serial_shops
Orc:2:    grunt_orc_tribal_feast, layout_diamond_mine, serial_shops, shop,
          basic_altar, uniq_saint_roka

Skill      XL: |  1  2  3  4  5  6  7  8  9 10 11 12 |
---------------+-------------------------------------+-----
Fighting       | 3 4 5 7 |  7.0
Ranged Weapons | 7 8 10 14 16 | 16.0
Dodging        | 4 6 10 11 | 11.2
Armour         | 4 |  4.0
Evocations     | 6 10 | 10.0
Invocations    | 4 6 |  6.0
Stealth        | |  1.3

Action                     |  1- 3 |  4- 6 |  7- 9 | 10-12 || total
---------------------------+-------+-------+-------+-------++-------
   Fire: Shortbow          |    68 |   123 |       |       ||   191
         Hand crossbow     |       |    32 |   127 |   317 ||   476
 Invoke: Recall Ancestor   |       |       |       |     1 ||     1
         Ancestor Life: Kn |       |       |       |     1 ||     1
         Transference      |       |       |       |     1 ||     1
  Evoke: Wand              |       |       |       |     5 ||     5
    Use: Scroll            |     5 |     8 |     4 |     3 ||    20
         Potion            |       |     1 |     2 |     3 ||     6
 Armour: Leather armour    |     2 |    29 |    23 |    17 ||    71
         Skin              |       |    20 |       |       ||    20
         Acid dragon scale |       |       |       |     3 ||     3
         Scale mail        |       |       |       |     8 ||     8
  Dodge: Dodged            |    14 |    78 |    78 |   108 ||   278

Table legend: (Time is in decaauts)
 A = Elapsed time spent in this place.
 B = Non-inter-level travel time spent in this place.
 C = Inter-level travel time spent in this place.
 D = Time resting spent in this place.
 E = Time spent auto-exploring this place.
 F = Levels seen in this place.
 G = Mean time per level.
                   A        B        C        D        E       F      G
               +--------+--------+--------+--------+--------+-----+--------+
         Total |  11336 |  10765 |    571 |   1508 |   7741 |  12 |  944.7 |
       Dungeon |   9876 |   9381 |    495 |   1237 |   6906 |   9 | 1097.3 |
        Temple |    317 |    249 |     68 |      0 |    243 |   1 |  317.0 |
  Orcish Mines |   1142 |   1136 |      6 |    271 |    592 |   2 |  571.0 |
               +--------+--------+--------+--------+--------+-----+--------+

Top non-repeatable levels by time:
     D:9: 2403 daAuts
     D:1: 1110 daAuts
     D:2: 1087 daAuts
     D:8: 1066 daAuts
     D:3: 926 daAuts
     D:4: 918 daAuts
     D:6: 873 daAuts
   Orc:2: 829 daAuts
     D:7: 751 daAuts
     D:5: 738 daAuts
  Temple: 317 daAuts
   Orc:1: 312 daAuts
